details: 'treehide'

« prev index next »

General information

Mini Map

Players

team 1
HumanFATC0CK (blue | 53 APM | 1617 actions | 30:14)
Hero icon 5 Blood Mage
Ability icon 3 Flame Strike
Ability icon 1 Siphon Mana
Ability icon 1 Banish
Hero icon 4 Archmage
Ability icon 1 Blizzard
Ability icon 2 Brilliance Aura
Ability icon 1 Summon Water Elemental
Hero icon 1 Paladin
Ability icon 1 Divine Shield

» actions
Assign group hotkey7
Basic commands2
Build / train98
Enter build submenu68
Enter hero's abilities submenu10
Give item / drop item3
Remove unit from queue1
Right click940
Select / deselect350
Select group hotkey45
Use ability93
1617 total
» units
Peasant21
Footman7
Knight4
Mortar Team4
36 total
» upgrades
Masonry3
Lumber Harvesting2
Swords2
Plating2
Animal War Training1
Flare1
11 total
» buildings
Farm13
Altar of Kings2
Lumber Mill1
Scout Tower37
Barracks4
Guard Tower30
Arcane Tower1
Town Hall2
Keep3
Blacksmith1
Castle1
Arcane Vault2
Workshop1
Cannon Tower1
99 total
» build order
00:07 Farm
00:11 Altar of Kings
00:26 Lumber Mill
01:11 Scout Tower
01:22 Barracks
01:38 Farm
01:46 Scout Tower
01:53 Guard Tower
02:16 Scout Tower
02:18 Guard Tower
02:22 Scout Tower
02:44 Guard Tower
03:02 Arcane Tower
06:16 Town Hall
07:05 Keep
07:22 Farm
07:28 Farm
08:09 Scout Tower
08:14 Scout Tower
08:55 Guard Tower
09:05 Blacksmith
09:09 Scout Tower
09:42 Guard Tower
09:45 Scout Tower
09:52 Castle
10:27 Guard Tower
10:31 Scout Tower
10:36 Scout Tower
10:40 Keep
11:00 Guard Tower
11:03 Farm
11:17 Farm
11:19 Guard Tower
11:44 Scout Tower
12:00 Scout Tower
12:13 Guard Tower
12:16 Barracks
12:27 Arcane Vault
12:44 Arcane Vault
12:50 Guard Tower
12:54 Farm
13:20 Barracks
13:38 Scout Tower
13:58 Scout Tower
14:04 Scout Tower
14:08 Guard Tower
14:11 Scout Tower
14:16 Scout Tower
14:29 Guard Tower
14:33 Guard Tower
14:36 Scout Tower
14:38 Scout Tower
14:56 Farm
14:58 Guard Tower
15:08 Scout Tower
15:09 Guard Tower
15:26 Guard Tower
15:30 Scout Tower
15:35 Guard Tower
15:40 Scout Tower
15:53 Scout Tower
16:02 Guard Tower
16:08 Farm
16:42 Guard Tower
16:46 Scout Tower
17:08 Farm
17:40 Guard Tower
17:43 Scout Tower
19:26 Guard Tower
19:30 Scout Tower
19:37 Farm
19:43 Farm
20:22 Guard Tower
20:27 Scout Tower
20:39 Town Hall
20:58 Guard Tower
21:16 Scout Tower
21:30 Scout Tower
22:10 Guard Tower
22:14 Altar of Kings
23:04 Guard Tower
23:05 Scout Tower
24:04 Farm
24:37 Guard Tower
24:49 Barracks
24:51 Scout Tower
27:01 Scout Tower
27:36 Workshop
27:40 Guard Tower
28:43 Scout Tower
28:47 Scout Tower
28:49 Guard Tower
28:51 Scout Tower
28:55 Keep
29:22 Scout Tower
29:38 Guard Tower
29:57 Cannon Tower
30:04 Scout Tower
» items
Mechanical Critter1
1 total
team 2
NightElfBoRiS95_ru (pink | 8 APM | 245 actions | 31:00)

» actions
Assign group hotkey99
Build / train1
Enter build submenu2
Right click71
Select / deselect35
Select group hotkey4
Use ability33
245 total
» units
Wisp1
1 total
» buildings
Tree of Life1
1 total
» build order
00:48 Tree of Life

Chat log

(00:16 / All) FATC0CK: gold please